 Dungeon Crawl Stone Soup version 0.26.1-11-gd32895ea62 (webtiles) character file.

Game seed: 2934498755993380432

93 Gwenloh the Magician (level 4, -3/24 HPs)
             Began as a Tengu Hedge Wizard on May 18, 2021.
             Slain by a centaur (4 damage)
             ... on level 2 of the Dungeon.
             The game lasted 00:07:17 (2435 turns).

Gwenloh the Magician (Tengu Hedge Wizard)           Turns: 2435, Time: 00:07:17

Health: -3/24      AC:  2    Str: 11    XL:     4   Next: 62%
Magic:  7/10       EV: 12    Int: 15    God:
Gold:   99         SH:  0    Dex: 13    Spells: 7/10 levels left

rFire    . . .     SeeInvis .   f - +2 dagger (venom)
rCold    . . .     Faith    .   (no shield)
rNeg     . . .     Spirit   .   b - +0 robe
rPois    .         Reflect  .   c - +0 hat
rElec    .         Harm     .   (no cloak)
rCorr    .         Rampage  .   (no gloves)
Will     .....                  (boots unavailable)
Stlth    ++........             (no amulet)
HPRegen  0.08/turn              (no ring)
MPRegen  0.12/turn              (no ring)

@: no status effects
A: beak, talons 3
a: no special abilities


You were on level 2 of the Dungeon.
You visited 1 branch of the dungeon, and saw 2 of its levels.

You collected 99 gold pieces.

Inventory:

Hand Weapons
 a - a +0 dagger
 f - a +2 dagger of venom (weapon)
Armour
 b - a +0 robe (worn)
 c - a +0 hat (worn)
Scrolls
 e - 2 scrolls of remove curse {unknown}
 g - a scroll of enchant weapon {unknown}
 i - a scroll of identify {unknown}
Potions
 d - a potion of ambrosia {unknown}
 h - a potion of brilliance {unknown}


   Skills:
 - Level 2.1 Dodging
 - Level 2.0 Stealth
 + Level 3.5 Spellcasting
 + Level 3.0 Conjurations
 + Level 2.7 Summonings
 + Level 1.7 Translocations


You had 7 spell levels left.
You knew the following spells:

 Your Spells              Type           Power        Failure   Level
a - Magic Dart            Conj           44%          5%          1
b - Call Imp              Summ           11%          9%          2

Your spell library contained the following spells:

 Spells                   Type           Power        Failure   Level
 Blink                    Tloc           N/A          14%         2
 Slow                     Hex            2%           28%         2
 Conjure Flame            Conj/Fire      7%           30%         3
 Mephitic Cloud           Conj/Pois/Air  5%           36%         3


Dungeon Overview and Level Annotations

Branches:
Dungeon (2/15)

Altars:


Innate Abilities, Weirdness & Mutations

You have a beak for a mouth.
You have claws for feet.


Message History

The centaur hits you.
Casting: Magic Dart (safe; 5% risk of failure)
Confirm with . or Enter, or press ? or * to list all spells.
Aiming: Magic Dart (safe; 5% risk of failure)
Press: ? - help, Shift-Dir - straight line, f/p - centaur
Aim: a centaur, quivering 15 arrows (moderately wounded, 0% to evade)
The magic dart hits the centaur but does no damage.
The centaur is moderately wounded.
The centaur barely misses you. The centaur hits you!
* * * LOW HITPOINT WARNING * * *
You hit the centaur. You claw the centaur.
You peck the centaur, but do no damage.
The centaur is moderately wounded.
The centaur barely misses you.
You hit the centaur. You claw the centaur.
The centaur is severely wounded.
The centaur hits you.
* * * LOW HITPOINT WARNING * * *
The centaur hits you.
You die...

.......# ####### ###.#
###..### #.....# #.#
##.# #.c...# #.# #.#
#.....########.# #.#
#.....#.....#..# ##.#
#. #.....##.#.## #..#
#.###.....#.#.# ###.###
#.#.##c..#.#.# .†....#
#..#.@.......# .##.#.#
#.##.#.....###
.##.....####.##.##..###
.####......#..(.....#
########
......#.##.#.)......#
#......#
...^..#.##.#..#.##.##
#.####.#
......#.........##.#
##.#....####
......####.#...###.#
#...........
......####.#...###.#
#..#.##.####


You could see a centaur.

Vanquished Creatures
  5 adders (D:2)
  2 worms (D:2)
  A leopard gecko (D:1)
  A ball python (D:1)
  2 giant cockroaches (D:2)
  5 goblins
  7 hobgoblins
  2 jackals (D:2)
  2 quokkas (D:2)
  4 bats
  3 frilled lizards
  4 kobolds
  5 rats
43 creatures vanquished.

Notes
Turn   | Place    | Note
-------+----------+-------------------------------------------
     0 | D:1      | Gwenloh the Tengu Hedge Wizard began the quest for the Orb.
     0 | D:1      | Reached XP level 1. HP: 10/10 MP: 5/5
   250 | D:1      | Reached skill level 1 in Translocations
   318 | D:1      | Reached XP level 2. HP: 15/15 MP: 4/7
  1074 | D:2      | Reached XP level 3. HP: 19/19 MP: 5/8
  1271 | D:2      | Noticed a centaur
  1530 | D:2      | Reached XP level 4. HP: 24/24 MP: 1/10
  1533 | D:2      | Learned a level 2 spell: Call Imp
  2435 | D:2      | HP: 1/24 [centaur (6)]
  2435 | D:2      | Slain by a centaur

Illustrated notes

Levels and vault maps discovered:
D:1:      scummos_arrival_gate, layout_loops_ring
D:2:      layout_loops_cross

Skill      XL: |  1  2  3  4 |
---------------+-------------+-----
Translocations | 1 |  1.7
Conjurations   | 2 3 |  3.0
Summonings     | 2 |  2.7
Dodging        | |  2.1
Stealth        | |  2.0
Spellcasting   | |  3.5

Action                   |  1- 3 |  4- 6 || total
-------------------------+-------+-------++-------
Melee: Dagger            |    31 |    21 ||    52
       Peck              |     6 |     2 ||     8
       Kick              |     6 |     6 ||    12
 Cast: Magic Dart        |    62 |    26 ||    88
Armor: Robe              |     1 |     1 ||     2
Dodge: Dodged            |    26 |    12 ||    38
